 Dungeon Crawl Stone Soup version 0.31-a0-986-g5e6e4ef867 (webtiles) character file.

Game seed: 16187571266680682004

3772 Sanktem7 the Cleaver (level 9, -1/81 HPs)
             Began as a Minotaur Fighter on Nov 10, 2023.
             Slain by Menkaure (10 damage)
             ... on level 7 of the Dungeon.
             The game lasted 00:11:08 (7119 turns).

Sanktem7 the Cleaver (Minotaur Fighter)             Turns: 7119, Time: 00:11:08

Health: -1/81      AC: 16    Str: 25    XL:     9   Next: 94%
Magic:  8/8        EV:  9    Int:  5    God:
Gold:   386        SH:  9    Dex: 10    Spells: 8/8 levels left

rFire   . . .        m - +3 broad axe (freeze) {axe}
rCold   . . .        G - +0 kite shield
rNeg    . . .        b - +0 scale mail
rPois   .            (helmet restricted)
rElec   .            n - +0 cloak
rCorr   .            s - +0 pair of gloves
SInv    .            q - +0 pair of boots
Will    .....        (no amulet) Stlth
                     H - +4 ring of protection
HPRegen 0.33/turn    (no ring)
MPRegen 0.11/turn

%: no passive effects
@: no status effects
A: horns 2, retaliatory headbutt
a: no special abilities


You were on level 7 of the Dungeon.
You visited 1 branch of the dungeon, and saw 7 of its levels.
You also visited: Sewer.

You collected 386 gold pieces.


Innate Abilities, Weirdness & Mutations

You have a pair of horns on your head.
You reflexively headbutt those who attack you in melee.


   Skills:
 + Level 7.9 Fighting
 * Level 10.3 Axes
 + Level 5.7 Throwing
 + Level 7.7 Armour
 + Level 7.7 Shields


You had 8 spell levels left.
You didn't know any spells.
Your spell library contained the following spells:

 Spells                   Type           Power      Damage    Failure   Level
 Freeze                   Ice            0%         1d3       91%         1
 Frozen Ramparts          Ice            0%         1d1       99%         3
 Hailstorm                Conj/Ice       0%         3d3       99%         3
 Inner Flame              Hex/Fire       0%         N/A       99%         3
 Stone Arrow              Conj/Erth      0%         3d7       99%         3
 Animate Armour           Summ/Erth      0%         N/A       100%        4
 Flame Wave               Conj/Fire      0%         2d4       100%        4
 Sticky Flame             Conj/Fire      0%         2d3       100%        4
 Lehudib's Crystal Spear  Conj/Erth      0%         10d2      100%        8

Inventory:

Hand Weapons
 m - a +3 broad axe of freezing (weapon) {axe}
   (You acquired it on level 6 of the Dungeon)
Missiles
 f - 49 stones {throwing}
 g - 11 poisoned darts {throwing}
 C - 4 boomerangs {throwing}
Armour
 b - a +0 scale mail (worn)
 n - a +0 cloak (worn)
   (You found it on level 2 of the Dungeon)
 q - a +0 pair of boots (worn)
   (You found it on level 3 of the Dungeon)
 s - a +0 pair of gloves (worn)
   (You found it on level 3 of the Dungeon)
 G - a +0 kite shield (worn)
   (You took it off a gnoll sergeant on level 6 of the Dungeon)
Jewellery
 h - a ring of resist corrosion
   (You found it on level 7 of the Dungeon)
 H - a +4 ring of protection (left hand)
   (You found it on level 6 of the Dungeon)
Wands
 r - a wand of charming (13)
   (You found it on level 3 of the Dungeon)
 y - a wand of mindburst (15)
   (You found it on level 4 of the Dungeon)
Scrolls
 c - a scroll of fear {unknown}
 j - 2 scrolls of fog
 t - a scroll of teleportation {@r4}
 A - a scroll of poison {unknown}
Potions
 a - a potion of mutation {unknown}
 d - 5 potions of might
 e - 4 potions of curing {@q1}
 k - 6 potions of heal wounds {@q2}
 l - 5 potions of invisibility
 u - 2 potions of brilliance {unknown}
 w - 3 potions of lignification {unknown}
 x - 2 potions of haste {unknown}
 D - 2 potions of magic {unknown}

Dungeon Overview and Level Annotations

Branches:
Dungeon (7/15) Zot: 26303   Sewer (visited)
 Temple: D:4-7

Altars:
Fedhas
Kikubaaqudgha
Sif Muna
Trog
Uskayaw
Vehumet
Yredelemnul

Shops:
D:5 (

Annotations:
D:6 2 runed translucent doors, exclusion: oklob plant
D:7 Menkaure

#####..# #...# #...
#......# ##.## ####
#.###.## #.# # #. #.#
##'## # ###.###.#
##...## # .......#
##.....## # #.#.###
##.......##
####....####.........###
#.....M@...'.)...[...+..
#.##.....###.........###
#.#.#.# ##.......##
#...#.# ##.....##
###.#.# ##...## #.#.#
##+## #.#.# ....#


You could see Menkaure (fast).


Message History

You kill the water moccasin!
You feel very sick. 😕 HP[-3]
You now have 79 max hp (+3).
You feel very sick. 😕 HP[-3]
You take 3 damage, and now have 64/79 hp.
You feel sick. 😕 HP[-1]
You take 1 damage, and now have 63/79 hp.
You feel sick.
You feel sick.
You feel sick.
You feel sick.
You feel sick.
You feel sick.
You feel sick.
You are no longer poisoned.
Key pressed, stopping explore.
You open the door.
There is an open door here.
Things that are here:
a +0 trident {polearm}; a +0 robe Key pressed, stopping explore.
You open the door.
Joseph, a Mercenary comes into view.
He is wielding a +0 quarterstaff.
Joseph shouts!
Joseph unwields a +0 quarterstaff.
Joseph wields a +3 sling of draining.
You sense an unholy aura.
Joseph shoots a sling bullet.
The sling bullet hits you.
You feel drained. 😎 HP[+15]
You now have 78 max hp (-1).
Your hp is fully restored (78).
There is an open door here.
Joseph shoots a sling bullet.
The sling bullet hits you but does no damage.
You feel drained. 😎 HP[-1]
You now have 77 max hp (-1).
Joseph shoots a sling bullet.
You block the sling bullet.
Joseph shoots a sling bullet.
The sling bullet hits you.
You feel drained. 😕 HP[-3]
You now have 76 max hp (-1).
You take 3 damage, and now have 74/76 hp.
Joseph unwields a +3 sling of draining.
Joseph wields a +0 quarterstaff.
You block Joseph's attack.
You slash Joseph! You freeze Joseph.
Joseph hits you but does no damage. 😕 HP[+1]
You slash Joseph! You freeze Joseph. You block Joseph's attack.
You hit Joseph. You freeze Joseph. You headbutt Joseph!
You block Joseph's attack. 😎 HP[+1]
Your hp is fully restored (76).
You slash Joseph! You freeze Joseph. You headbutt Joseph.
Joseph hits you but does no damage. x2
You barely miss Joseph. Joseph hits you but does no damage.
You hit Joseph. You freeze Joseph. You headbutt Joseph!
You kill Joseph!
Your life force feels restored.
You now have 81 max hp (+5).
Items here: )) [ †. 😎 HP[+5]
Your hp is fully restored (81).
f - 49 stones {throwing} (gained 4)
You open the door.
Menkaure, Prince of Dust comes into view.
Menkaure shouts!
There is an open door here.
Menkaure calls on the powers of darkness!
Your body is wracked with pain! 😮 HP[-39]
You take 39 damage, and now have 42/81 hp.
MASSIVE DAMAGE!! (PAUSE) Menkaure barely misses you.
You barely miss Menkaure. Menkaure hits you!
* * * LOW HITPOINT WARNING * * *
😨 HP[-7]
You take 7 damage, and now have 35/81 hp.
You hit Menkaure.
Menkaure casts a spell.
Menkaure seems to speed up.
You hit Menkaure but do no damage.
Menkaure calls on the powers of darkness!
Your body is wracked with pain!
* * * LOW HITPOINT WARNING * * *
😱 HP[-16]
You take 16 damage, and now have 19/81 hp.
You slash Menkaure! You freeze Menkaure. Menkaure closely misses you.
Menkaure completely misses you. 😱 HP[+1]
You hit Menkaure. Menkaure hits you but does no damage.
You hit Menkaure. Menkaure casts a spell at you. Pain shoots through your body!
* * * LOW HITPOINT WARNING * * *
😱 HP[-11]
You take 11 damage, and now have 9/81 hp.
You barely miss Menkaure. You block Menkaure's attack. Menkaure hits you!
You die...

Skill      XL: |  1  2  3  4  5  6  7  8  9 |
---------------+----------------------------+-----
Axes           | 3 4 5 7 8 10 | 10.3
Fighting       | 4 5 6 7 |  7.9
Throwing       | 1 2 3 4 5 |  5.7
Shields        | 4 5 6 7 |  7.7
Armour         | 4 5 6 7 |  7.7

Action                     |  1- 3 |  4- 6 |  7- 9 || total
---------------------------+-------+-------+-------++-------
  Melee: War axe           |   107 |    97 |   215 ||   419
         Headbutt          |     8 |    19 |    47 ||    74
         Broad axe         |       |       |    42 ||    42
    Use: Scroll            |       |       |     8 ||     8
 Armour: Scale mail        |    72 |    80 |   185 ||   337
  Dodge: Dodged            |    70 |    52 |   109 ||   231
  Block: Buckler           |    27 |    28 |    76 ||   131
         Kite shield       |       |       |    19 ||    19

Levels and vault maps discovered:
D:1:      ebering_trefoil_twist, layout_basic
D:2:      layout_basic
D:3:      layout_rooms, tgw_sif, st_stairs_12, serial_bayou_crossing
D:4:      layout_basic, lemuel_round_altar, portal_sewer_entry_e,
          kennysheep_cross_bottleneck, uniq_blork_the_orc
D:5:      layout_basic, lemuel_tele_altar, serial_shops,
          nicolae_shop_back_alley_shop, supply_closet_lemuel, chequers_jeans,
          uniq_grinder, uniq_sigmund
D:6:      layout_layer_cave, tgw_fedhas, lemuel_zombie_altar_kikubaaqudgha,
          jmf_multi_god_temple2, uniq_jeremiah
D:7:      layout_loops_corners, lemuel_temple_firewalk_b, uniq_prince_ribbit1,
          uniq_menkaure, uniq_joseph

Notes
Turn   | Place    | Note
-------+----------+-------------------------------------------
     0 | D:1      | Sanktem7 the Minotaur Fighter began the quest for the Orb.
     0 | D:1      | Reached XP level 1. HP: 19/19 MP: 0/0
     0 | D:1      | magus.rc [v1.9.6]
    20 | D:1      | You pick up a book of Frost and begin reading...
    20 | D:1      | You add the spells Freeze, Frozen Ramparts and Hailstorm to
                  | your library.
   336 | D:1      | Reached XP level 2. HP: 27/27 MP: 1/1
   454 | D:1      | Reached skill level 3 in Axes
   607 | D:1      | You pick up a book of Frost and begin reading...
  1017 | D:2      | Reached XP level 3. HP: 30/33 MP: 2/2
  1280 | D:2      | Reached skill level 4 in Fighting
  1280 | D:2      | Reached skill level 1 in Throwing
  1426 | D:2      | Reached skill level 4 in Shields
  1454 | D:2      | Reached skill level 4 in Armour
  1574 | D:2      | Reached XP level 4. HP: 30/40 MP: 3/3
  1855 | D:3      | You pick up a book of Flames and begin reading...
  1855 | D:3      | You add the spells Inner Flame, Sticky Flame and Flame Wave
                  | to your library.
  1923 | D:3      | Reached skill level 4 in Axes
  1926 | D:3      | Reached XP level 5. HP: 42/46 MP: 4/4
  2377 | D:3      | Noticed Jessica
  2385 | D:3      | Killed Jessica
  2386 | D:3      | Reached skill level 2 in Throwing
  2395 | D:3      | Found a shimmering blue altar of Sif Muna.
  2515 | D:4      | Noticed a black bear
  2525 | D:4      | Killed a black bear
  2526 | D:4      | Reached skill level 5 in Axes
  2526 | D:4      | Reached XP level 6. HP: 52/53 MP: 5/5
  2688 | D:4      | Noticed Blork the orc
  2697 | D:4      | Killed Blork the orc
  2698 | D:4      | Reached skill level 5 in Fighting
  2698 | D:4      | Reached skill level 5 in Shields
  2879 | D:4      | Reached skill level 5 in Armour
  2879 | D:4      | Reached XP level 7. HP: 61/61 MP: 6/6
  3000 | D:4      | You pick up a book of Armaments and begin reading...
  3000 | D:4      | You add the spells Stone Arrow, Animate Armour and
                  | Lehudib's Crystal Spear to your library.
  3014 | D:4      | Found a radiant altar of Vehumet.
  3112 | D:4      | Found a glowing drain.
  3118 | Sewer    | Entered a sewer
  3185 | Sewer    | Reached skill level 6 in Axes
  3217 | Sewer    | Found a shimmering altar of Xom.
  3220 | Sewer    | Reached skill level 3 in Throwing
  3652 | D:5      | Entered Level 5 of the Dungeon
  3710 | D:5      | Noticed Sigmund
  3727 | D:5      | Killed Sigmund
  3728 | D:5      | Reached skill level 7 in Axes
  3728 | D:5      | Reached XP level 8. HP: 36/70 MP: 7/7
  3927 | D:5      | Found Archeh's Weapon Emporium.
  4035 | D:5      | Reached skill level 6 in Fighting
  4035 | D:5      | Reached skill level 6 in Shields
  4037 | D:5      | Reached skill level 6 in Armour
  4157 | D:5      | Reached skill level 4 in Throwing
  4422 | D:5      | Reached skill level 8 in Axes
  4544 | D:5      | Found a bloodstained altar of Trog.
  4619 | D:5      | Noticed Grinder
  4626 | D:5      | Killed Grinder
  4713 | D:6      | Reached XP level 9. HP: 46/78 MP: 8/8
  4808 | D:6      | Noticed Jeremiah
  4859 | D:6      | Killed Jeremiah
  4860 | D:6      | Reached skill level 7 in Fighting
  4860 | D:6      | Reached skill level 9 in Axes
  5467 | D:6      | Found a blossoming altar of Fedhas.
  5480 | D:6      | Noticed an oklob plant
  5516 | D:6      | Reached skill level 5 in Throwing
  5516 | D:6      | Reached skill level 7 in Shields
  5693 | D:6      | Reached skill level 7 in Armour
  5839 | D:6      | Found a large runed translucent door.
  5842 | D:6      | Found a large runed translucent door.
  5904 | D:6      | Found an ancient bone altar of Kikubaaqudgha.
  6370 | D:6      | Identified a scroll of acquirement
  6370 | D:6      | Acquired a +3 broad axe of freezing
  6376 | D:6      | Found a basalt altar of Yredelemnul.
  6376 | D:6      | Found a hide-covered altar of Uskayaw.
  6791 | D:7      | Reached skill level 10 in Axes
  7072 | D:7      | Noticed Joseph
  7083 | D:7      | Killed Joseph
  7108 | D:7      | Noticed Menkaure
  7115 | D:7      | HP: 19/81 [??? (16)]
  7118 | D:7      | HP: 9/81 [Menkaure/nerve-wracking pain (12)]
  7119 | D:7      | Slain by Menkaure

Vanquished Creatures
  Joseph (D:7)
  Jeremiah (D:6)
  Grinder (D:5)
  Sigmund (D:5)
  A steam dragon (D:6)
  2 water moccasins
  4 black bears
  An ice beast (D:5)
  An ogre (D:5)
  3 phantoms
  Blork the orc (D:4)
  4 scorpions
  A gnoll sergeant (D:6)
  11 wights
  3 hounds
  An orc priest (D:5)
  5 jellies
  3 orc wizards
  A sleepcap (D:7)
  Jessica (D:3)
  2 iguanas
  9 adders
  5 gnolls (D:6)
  3 river rats (Sewer)
  A white imp (D:7)
  2 ufetubi (D:5)
  4 worms
  2 dart slugs
  27 orcs
  12 ball pythons
  12 endoplasms
  12 giant cockroaches
  8 goblins
  3 hobgoblins
  2 jackals (D:1)
  8 quokkas
  8 bats
  3 frilled lizards
  5 kobolds
  8 rats
  A rat zombie (D:6)
184 creatures vanquished.

Table legend:
 A = Non-vault XP
 B = Vault XP
 C = Vault XP percentage of total XP
 D = Non-vault monster count
 E = Vault monster count
 F = Vault count percentage of total count
                 A         B        C        D         E       F
            +---------+---------+-------+---------+---------+-------
      Total |    3681 |    1708 |  31.7 |     143 |      41 |  22.3
            +---------+---------+-------+---------+---------+-------
        D:1 |      35 |       0 |   0.0 |      19 |       0 |   0.0
        D:2 |      65 |       0 |   0.0 |      25 |       0 |   0.0
        D:3 |     144 |      39 |  21.3 |      23 |       2 |   8.0
        D:4 |     416 |     103 |  19.8 |      18 |       9 |  33.3
        D:5 |     971 |     498 |  33.9 |      18 |       2 |  10.0
        D:6 |    1162 |     401 |  25.7 |      25 |       2 |   7.4
        D:7 |     888 |     455 |  33.9 |      15 |       1 |   6.2
      Sewer |       0 |     212 | 100.0 |       0 |      25 | 100.0
            +---------+---------+-------+---------+---------+-------

Skill      XL: |  1  2  3  4  5  6  7  8  9 |
---------------+----------------------------+-----
Axes           | 3 4 5 7 8 10 | 10.3
Fighting       | 4 5 6 7 |  7.9
Throwing       | 1 2 3 4 5 |  5.7
Shields        | 4 5 6 7 |  7.7
Armour         | 4 5 6 7 |  7.7

Action                     |  1- 3 |  4- 6 |  7- 9 || total
---------------------------+-------+-------+-------++-------
  Melee: War axe           |   107 |    97 |   215 ||   419
         Headbutt          |     8 |    19 |    47 ||    74
         Broad axe         |       |       |    42 ||    42
    Use: Scroll            |       |       |     8 ||     8
 Armour: Scale mail        |    72 |    80 |   185 ||   337
  Dodge: Dodged            |    70 |    52 |   109 ||   231
  Block: Buckler           |    27 |    28 |    76 ||   131
         Kite shield       |       |       |    19 ||    19

Illustrated notes

Table legend:
 A = Kills in this place as a percentage of kills in the entire game.
 B = Kills by you in this place as a percentage of kills by you in the entire game.
 C = Kills by friends in this place as a percentage of kills by friends in the entire game.
 D = Other kills in this place as a percentage of other kills in the entire game.
 E = Experience gained in this place as a percentage of experience gained in the entire game.
 F = Experience gained in this place divided by the number of levels of this place that you have seen.
                   A       B       C       D       E      F
               +-------+-------+-------+-------+-------+----------------------
         Total | 100.0 | 100.0 |   N/A |   N/A | 100.0 | 673.6
       Dungeon |  86.4 |  86.4 |   N/A |   N/A |  96.1 | 739.6
         Sewer |  13.6 |  13.6 |   N/A |   N/A |   3.9 | 212.0
               +-------+-------+-------+-------+-------+----------------------

Table legend: (Time is in decaauts)
 A = Elapsed time spent in this place.
 B = Non-inter-level travel time spent in this place.
 C = Inter-level travel time spent in this place.
 D = Time resting spent in this place.
 E = Time spent auto-exploring this place.
 F = Levels seen in this place.
 G = Mean time per level.
                   A        B        C        D        E       F      G
               +--------+--------+--------+--------+--------+-----+--------+
         Total |   7261 |   7094 |    167 |      0 |   5473 |   8 |  907.6 |
       Dungeon |   6975 |   6808 |    167 |      0 |   5312 |   7 |  996.4 |
         Sewer |    285 |    285 |      0 |      0 |    161 |   1 |  285.0 |
               +--------+--------+--------+--------+--------+-----+--------+

Top non-repeatable levels by time:
     D:6: 1762 daAuts
     D:5: 1035 daAuts
     D:4: 922 daAuts
     D:2: 900 daAuts
     D:1: 897 daAuts
     D:3: 761 daAuts
     D:7: 695 daAuts
   Sewer: 285 daAuts
